cohdb
Replays
Latest Replays
All Replays
Popular Replays
Top Player Replays
Match Explorer
How It Works
Community
CoH3 Stats
Reddit
Sign in to upload your games and track your stats! →
Sign in with Steam
Match 41894589
Unlisted
Match 41894589
Overview
Messages
Build Orders
End
Construct Infanterie Kompanie
Selects Terror Battlegroup
Selects Machine Gun Camouflage
MG 42 Machine Gun Team
Kettenkrad Recon Vehicle
Grenadier Squad
GrW 34 Mortar Team
Selects Contempt for the Weak
Sniper
Construct Luftwaffe Kompanie
Jäger Squad
Support Elements
Marder III M Tank Destroyer
Medical Station
Flak 30 Anti-aircraft Gun Team
Construct Panzergrenadier Kompanie
Selects Propaganda Leaflet Drop
251 Medium Carrier
Pak 40 Anti-tank Gun Team
MG 42 Bunker
StuG III G Assault Gun
Forward Retreat Point
Selects V1 Rocket Strike
V1 Rocket Strike
Construct Panzer Kompanie
Propaganda Leaflet Drop
Selects Defend the Fatherland
karchard1993
PMAgent2013
Bran
Dillbro
0
0
Comments
sign in to comment!
No comments posted yet!